 Dungeon Crawl Stone Soup version 0.31.0-1-g2c135a008e (webtiles) character file.

Game seed: 2862904709690136893

65 qw the Shooter (level 4, -3/35 HPs)
             Began as a Djinni Hunter on Jan 23, 2024.
             Slain by a gnoll
             ... wielding a +0 flail
              (6 damage)
             ... on level 2 of the Dungeon.
             The game lasted 00:00:06 (1039 turns).

qw the Shooter (Djinni Hunter)                      Turns: 1039, Time: 00:00:06

Health: -3/35      AC:  3    Str: 10    XL:     4   Next: 34%
Gold:   26         EV: 12    Int: 10    God:
                   SH:  0    Dex: 19

rFire   + + .        a - +0 shortbow
rCold   x . .        (shield currently unavailable)
rNeg    . . .        c - +0 leather armour
rPois   inf          (no helmet)
rElec   .            (no cloak)
rCorr   .            (no gloves)
SInv    .            (boots unavailable)
Will    .....        (no amulet)
Stlth   ++           (no ring)
HPRegen 0.25/turn    (no ring)
MPRegen 0.00/turn

%: infuse magic (-4 HP)
@: flying
A: sickness immunity, fire resistance 2, cold vulnerability 1, float, innate
caster, HP casting, extra vitality 1
a: no special abilities


You were on level 2 of the Dungeon.
You visited 1 branch of the dungeon, and saw 2 of its levels.

You collected 26 gold pieces.


Innate Abilities, Weirdness & Mutations

You are immune to sickness and miasma.
You are immune to poison.
Your flesh is very heat resistant. (rF++)
You are vulnerable to cold. (rC-)
You float through the air rather than walking.
You learn spells naturally, not from books.
Your magical power is your life essence.
You have superior vitality. (+4 MHP)


   Skills:
 - Level 3.0 Fighting
 - Level 4.0 Ranged Weapons
 + Level 2.7 Dodging
 - Level 0.7 Stealth


You knew the following spells:

 Your Spells              Type           Power      Damage    Failure   Level
a - Apportation           Tloc           0%         N/A       45%         1
Your spell library was empty.

Inventory:

Hand Weapons
 a - a +0 shortbow (weapon)
Armour
 c - a +0 leather armour (worn)
Scrolls
 d - a scroll of torment {unknown}
 e - a scroll of revelation {unknown}
Potions
 b - a potion of curing {unknown}
 j - a potion of invisibility {unknown}

Dungeon Overview and Level Annotations

Branches:
Dungeon (2/15)

Altars:

Shops:
D:2 =


Message History

You see here a +0 dagger.
There is an open door here.
As you open the door, it creaks loudly!
There is an open door here.
Found a stone staircase leading down.
A gnoll comes into view. It is wielding a +0 club.
The gnoll shouts!
You hear a shout!
A gnoll comes into view. It is wielding a +0 flail.
A gnoll comes into view. It is wielding a +0 halberd.
The gnoll shouts!
Enter note:
Enter note:
1030 ||| RETREEEEATING.
Enter note:
1031 ||| RETREEEEATING.
You shoot an arrow. The arrow hits the gnoll!
The gnoll is heavily wounded.
You shoot an arrow. The arrow completely misses the gnoll.
The arrow hits the gnoll!
The gnoll is heavily wounded.
The gnoll hits you with a +0 club.
You shoot an arrow. The arrow hits the gnoll.
The gnoll is severely wounded.
The gnoll hits you with a +0 club.
You shoot an arrow. The arrow hits the gnoll.
You kill the gnoll!
The gnoll misses you. The gnoll completely misses you.
You shoot an arrow. The arrow hits the gnoll.
The gnoll is severely wounded.
The gnoll closely misses you. The gnoll hits you with a +0 flail!
You shoot an arrow. The arrow hits the gnoll.
The gnoll is almost dead.
The gnoll hits you with a +0 flail! The gnoll closely misses you.
You shoot an arrow. The arrow closely misses the gnoll.
The arrow barely misses the gnoll.
The gnoll hits you with a +0 flail! The gnoll closely misses you.
You shoot an arrow. The arrow hits the gnoll.
The gnoll is almost dead.
The gnoll hits you with a +0 flail.
You die...

..|......# .........#
.........# ....)....#
.##'###### .##.######
.##......# #
.##......###########...#
.)'......'......@gg>...#
.##......###....###....#
###.......#8.8..# #.#
#.........\...#
#......##8.8..#
#......###....# #......#
#....# ####...# #....#
###.###....#


You could see 2 gnolls.

Vanquished Creatures
  A gnoll (D:2)
  2 dart slugs (D:1)
  A ribbon worm (D:2)
  4 endoplasms (D:1)
  4 giant cockroaches
  3 goblins
  4 hobgoblins (D:1)
  3 jackals (D:1)
  2 kobolds (D:2)
  4 quokkas (D:1)
  6 ball pythons (D:1)
  3 bats (D:1)
  3 frilled lizards
  4 rats (D:1)
44 creatures vanquished.

Notes
Turn   | Place    | Note
-------+----------+-------------------------------------------
     0 | D:1      | qw the Djinni Hunter began the quest for the Orb.
     0 | D:1      | Reached XP level 1. HP: 18/18 MP: 0/0
     0 | D:1      | 0 ||| qw: Version: 0.3-a-134-g2ba4250
     0 | D:1      | 0 ||| qw: Game counter: 739
     0 | D:1      | 0 ||| qw: Melee chars always use a shield: true
     0 | D:1      | 0 ||| qw: God list: Okawaru
     0 | D:1      | 0 ||| qw: Allow faded altars: false
     0 | D:1      | 0 ||| qw: Do Orc after clearing Dungeon:15 true
     0 | D:1      | 0 ||| qw: Do second Lair branch before Depths: true
     0 | D:1      | 0 ||| qw: Lair rune preference: random
     0 | D:1      | 0 ||| qw: Goals: Normal
     0 | D:1      | 0 ||| PLANNING D:1-11
    69 | D:1      | Reached XP level 2. HP: 18/23 MP: 0/0
   225 | D:1      | Reached skill level 4 in Ranged Weapons
   225 | D:1      | Reached XP level 3. HP: 28/28 MP: 0/0
   225 | D:1      | Learned a level 1 spell: Apportation
   381 | D:1      | Found a faded altar of an unknown god.
   638 | D:1      | 638 ||| READING scroll labelled TAX UNUVEMPO.
   639 | D:1      | 639 ||| READING 2 scrolls labelled DIUROO BEHUOJO.
   639 | D:1      | 639 ||| IDENTIFYING glowing cyan potion
   640 | D:1      | 640 ||| READING scroll of identify.
   640 | D:1      | 640 ||| IDENTIFYING orange potion
   641 | D:1      | 641 ||| READING scroll labelled KICOIH UFFECO.
   642 | D:1      | 642 ||| READING 2 scrolls labelled HUNOERA JIJOMM.
   643 | D:1      | 643 ||| DROPPING scroll of butterflies.
   644 | D:1      | 644 ||| DROPPING potion of degeneration.
   645 | D:1      | 645 ||| DROPPING potion of lignification.
   646 | D:1      | 646 ||| DROPPING scroll of amnesia.
   745 | D:2      | Reached XP level 4. HP: 33/34 MP: 0/0
   746 | D:2      | Found Cioxeadu's Jewellery Shop.
   755 | D:2      | 755 ||| SHOPLISTING amulet of faith (520 gold, have 10).
   755 | D:2      | 755 ||| SHOPLISTING amulet of reflection (390 gold, have
                  | 10).
   755 | D:2      | 755 ||| SHOPLISTING ring of positive energy (260 gold, have
                  | 10).
   755 | D:2      | 755 ||| SHOPLISTING ring of resist corrosion (260 gold,
                  | have 10).
   755 | D:2      | 755 ||| SHOPLISTING ring of willpower (325 gold, have 10).
   763 | D:2      | Reached skill level 3 in Fighting
  1030 | D:2      | 1030 ||| RETREEEEATING.
  1031 | D:2      | 1031 ||| RETREEEEATING.
  1038 | D:2      | HP: 3/35 [gnoll/+0 flail (12)]
  1039 | D:2      | Slain by a gnoll

Levels and vault maps discovered:
D:1:      amcnicky_arrival_wind_blow, layout_rooms,
          shapermc_ecumenical_altar_petra, minmay_heptomino_h4
D:2:      minmay_roachtagon, layout_basic, serial_shops,
          nicolae_shop_tiny_statue_garden

Skill      XL: |  1  2  3  4 |
---------------+-------------+-----
Ranged Weapons | 4 |  4.0
Fighting       | 3 |  3.0
Dodging        | |  2.7
Stealth        | |  0.7

Action                     |  1- 3 |  4- 6 || total
---------------------------+-------+-------++-------
   Fire: Shortbow          |   127 |    35 ||   162
    Use: Scroll            |     5 |       ||     5
 Armour: Leather armour    |    31 |    14 ||    45
  Dodge: Dodged            |    40 |    11 ||    51

Table legend:
 A = Non-vault XP
 B = Vault XP
 C = Vault XP percentage of total XP
 D = Non-vault monster count
 E = Vault monster count
 F = Vault count percentage of total count
                 A         B        C        D         E       F
            +---------+---------+-------+---------+---------+-------
      Total |      86 |       7 |   7.5 |      40 |       4 |   9.1
            +---------+---------+-------+---------+---------+-------
        D:1 |      59 |       7 |  10.6 |      33 |       4 |  10.8
        D:2 |      27 |       0 |   0.0 |       7 |       0 |   0.0
            +---------+---------+-------+---------+---------+-------
